 Dungeon Crawl Stone Soup version 0.32-a0-675-gdc239d62e1 (webtiles) character file.

Game seed: 13418965928544780250

18 AeshMezareph the Charlatan (level 2, 0/23 HPs)
             Began as a Gnoll Wanderer on Mar 11, 2024.
             Slain by Sigmund
             ... wielding a +0 scythe of holy wrath
              (9 damage)
             ... on level 2 of the Dungeon.
             The game lasted 00:02:24 (636 turns).

AeshMezareph the Charlatan (Gnoll Wanderer)          Turns: 636, Time: 00:02:25

Health: 0/23       AC:  6    Str: 11    XL:     2   Next: 66%
Magic:  2/2        EV: 11    Int: 11    God:
Gold:   79         SH:  0    Dex: 11    Spells: 2/2 levels left

rFire   . . .        a - +0 hand axe
rCold   . . .        (no shield)
rNeg    . . .        g - +0 ring mail
rPois   .            (no helmet)
rElec   .            (no cloak)
rCorr   .            (no gloves)
SInv    .            (no boots)
Will    .....        (no amulet)
Stlth   +            (no ring)
HPRegen 0.23/turn    (no ring)
MPRegen 0.08/turn

%: no passive effects
@: no status effects
A: fangs 1, strong nose, distributed training
a: no special abilities


You were on level 2 of the Dungeon.
You visited 1 branch of the dungeon, and saw 2 of its levels.

You collected 79 gold pieces.

Inventory:

Hand Weapons
 a - a +0 hand axe (weapon)
Missiles
 b - 3 throwing nets (quivered)
Armour
 c - a +0 leather armour
 g - a +0 ring mail (worn)
Magical Staves
 l - a staff of cold
Jewellery
 j - a ring of ice
Talismans
 m - a flux talisman
Wands
 d - a wand of flame (6)
Scrolls
 e - 2 scrolls of blinking
 f - a scroll of vulnerability {unknown}
 n - a scroll of amnesia {unknown}
Potions
 h - a potion of invisibility {unknown}
 i - a potion of heal wounds {unknown}
 k - a potion of attraction {unknown}


   Skills:
 + Level 2.5 Fighting
 + Level 0.5 Short Blades
 + Level 0.5 Long Blades
 + Level 4.5 Axes
 + Level 0.5 Maces & Flails
 + Level 0.5 Polearms
 + Level 0.5 Staves
 + Level 0.5 Ranged Weapons
 + Level 2.5 Throwing
 + Level 4.5 Armour
 + Level 4.5 Dodging
 + Level 0.5 Stealth
 + Level 0.5 Shields
 + Level 0.5 Unarmed Combat
 + Level 0.5 Spellcasting
 + Level 0.3 Conjurations
 + Level 0.3 Hexes
 + Level 0.3 Summonings
 + Level 0.3 Necromancy
 + Level 0.3 Translocations
 + Level 0.3 Fire Magic
 + Level 0.3 Ice Magic
 + Level 0.3 Air Magic
 + Level 0.3 Earth Magic
 + Level 0.3 Alchemy
 + Level 0.6 Invocations
 + Level 4.5 Evocations
 + Level 0.4 Shapeshifting


You had 2 spell levels left.
You didn't know any spells.
Your spell library contained the following spells:

 Spells                   Type           Power      Damage    Failure   Level
 Dazzling Flash           Conj/Hex       2%         N/A       89%         3
 Hailstorm                Conj/Ice       1%         3d5       89%         3
 Summon Ice Beast         Ice/Summ       1%         N/A       89%         3
 Volatile Blastmotes      Fire/Tloc      2%         2d10      89%         3
 Sculpt Simulacrum        Ice/Alch       0%         N/A       100%        6
 Starburst                Conj/Fire      0%         6d3       100%        6
 Maxwell's Capacitive Co  Air            0%         ∞         100%        8


Dungeon Overview and Level Annotations

Branches:
Dungeon (2/15)

Altars:

Annotations:
D:2 Sigmund


Innate Abilities, Weirdness & Mutations

You have very sharp teeth.
Your uncanny sense of smell can sniff out nearby items.
Your experience applies equally to all skills.


Message History

You barely miss the ribbon worm.
The ribbon worm is severely wounded.
The ribbon worm barely misses you.
You hit the ribbon worm.
The ribbon worm is severely wounded.
The ribbon worm expels a string of sticky webbing.
The stream of webbing hits you but does no damage.
You are caught in a web!
The web tears apart.
You slash the ribbon worm!
You kill the ribbon worm!
You now have 79 gold pieces (gained 4).
HP restored.
A kobold comes into view. It is wielding a +0 dagger.
The kobold shouts!
You hear a shout!
Sigmund the Dreaded comes into view.
He is wielding a +0 scythe of holy wrath.
Sigmund shouts!
The kobold hits you but does no damage.
You miss the kobold. The kobold barely misses you.
Sigmund casts a spell at you. You resist with significant effort.
The kobold hits you but does no damage.
You hit the kobold but do no damage. Your bite misses the kobold.
The kobold barely misses you.
You hit the kobold but do no damage. The kobold hits you but does no damage.
Sigmund hits you from afar with a +0 scythe of holy wrath.
You closely miss the kobold. The kobold hits you with a +0 dagger.
Unknown command.
You completely miss the kobold.
Sigmund hits you from afar with a +0 scythe of holy wrath!
The kobold barely misses you.
You are too injured to fight recklessly!
You are too injured to fight recklessly!
You are too injured to fight recklessly!
You are too injured to fight recklessly!
You are too injured to fight recklessly!
You are too injured to fight recklessly!
You hit the kobold but do no damage. The kobold barely misses you.
Sigmund hits you from afar with a +0 scythe of holy wrath!
You die...
Sigmund begins carving another notch in his scythe.

#.#####.#..≈# .....
#.##....#.≈~##......#
###.##.####..≈≈.......#
†...##.# #.#.≈#......#
######.####.#.~#......#
### #......#.##......#
..# ########.##......#
#.# #.##K.....# #.#
#.##@.!...# #.#
#.....##### #.# #####@#
#.# ... ..# ##.# ### .#
. ##


You could see Sigmund and a kobold.

Vanquished Creatures
  A ribbon worm (D:2)
  4 bats
  An endoplasm (D:1)
  A goblin (D:1)
  A hobgoblin (D:1)
  4 ball pythons (D:1)
  A kobold (D:1)
  3 rats (D:1)
16 creatures vanquished.

Notes
Turn   | Place    | Note
-------+----------+-------------------------------------------
     0 | D:1      | AeshMezareph the Gnoll Wanderer began the quest for the
                  | Orb.
     0 | D:1      | AeshMezareph set off with the following items: a +0 hand
                  | axe, 3 throwing nets, a +0 leather armour, a wand of flame
                  | (6), a scroll of blinking.
     0 | D:1      | Reached XP level 1. HP: 17/17 MP: 1/1
   147 | D:1      | Reached XP level 2. HP: 23/23 MP: 2/2
   630 | D:2      | Noticed Sigmund
   636 | D:2      | Slain by Sigmund

Illustrated notes

Levels and vault maps discovered:
D:1:      minmay_arrival_shattered_statue, layout_rooms, patterned_corridor
D:2:      layout_basic, serial_rivers, chequers_serial_rivers_small_a,
          chequers_serial_rivers_marsh, chequers_serial_rivers_small_a,
          chequers_serial_rivers_micro_a, uniq_sigmund

Action                     || total
---------------------------++-------
  Melee: Hand axe          ||    57
         Bite              ||     1
 Armour: Leather armour    ||     3
         Ring mail         ||    52
  Dodge: Dodged            ||    41

Table legend: (Time is in decaauts)
 A = Elapsed time spent in this place.
 B = Non-inter-level travel time spent in this place.
 C = Inter-level travel time spent in this place.
 D = Time resting spent in this place.
 E = Time spent auto-exploring this place.
 F = Levels seen in this place.
 G = Mean time per level.
                   A        B        C        D        E       F      G
               +--------+--------+--------+--------+--------+-----+--------+
         Total |    639 |    622 |     17 |      0 |    463 |   2 |  319.5 |
       Dungeon |    639 |    622 |     17 |      0 |    463 |   2 |  319.5 |
               +--------+--------+--------+--------+--------+-----+--------+

Top non-repeatable levels by time:
     D:1: 510 daAuts
     D:2: 129 daAuts
